 Seeded DCSS version 0.30-a0-371-gad7725a93e (webtiles) character file.

Game seed: 13658021519148660155 (custom seed)

65 innerfire433 the Trooper (level 3, -7/30 HPs)
             Began as a Demonspawn Monk on Nov 21, 2022.
             Mangled by Crazy Yiuf
             ... wielding a +3 quarterstaff of chaos
              (15 damage)
             ... on level 2 of the Dungeon.
             The game lasted 00:02:45 (1118 turns).

innerfire433 the Trooper (Demonspawn Monk)          Turns: 1118, Time: 00:02:46

Health: -7/30      AC:  7    Str: 13    XL:     3   Next: 92%
Magic:  3/3        EV: 18    Int: 11    God:
Gold:   37         SH:  0    Dex: 15    Spells: 2/2 levels left

rFire   . . .      SeeInvis .    d - +3 hand axe
rCold   . . .      Faith    .    (no shield)
rNeg    . . .      Spirit   .    g - +2 animal skin
rPois   .          Reflect  .    j - +2 helmet
rElec   .          Harm     .    (no cloak)
rCorr   .          Rampage  .    (no gloves)
Will    .....                    (no boots)
Stlth   +.........               (no amulet)
HPRegen 0.25/turn                (no ring)
MPRegen 0.08/turn                (no ring)

@: confused, agile, ambrosia-drunk, invisible
A: powered by pain 1, weakness stinger 1, high MP 1
a: no special abilities


You were on level 2 of the Dungeon.
You visited 1 branch of the dungeon, and saw 2 of its levels.

You collected 125 gold pieces.
You spent 88 gold pieces at shops.

Inventory:

Hand Weapons
 a - a +0 hand axe
 d - a +3 hand axe (weapon)
Missiles
 i - a throwing net (quivered)
Armour
 b - a +0 robe
 g - a +2 animal skin (worn)
 j - a +2 helmet (worn)
Scrolls
 e - a scroll of immolation {unknown}
 f - 2 scrolls of identify {unknown}
 h - a scroll of butterflies {unknown}
 k - a scroll of teleportation {unknown}
 m - a scroll of vulnerability {unknown}
 n - a scroll of amnesia {unknown}
 o - 2 scrolls of poison {unknown}
Potions
 l - a potion of resistance {unknown}


   Skills:
 + Level 3.6 Fighting
 + Level 3.3 Axes
 + Level 3.2 Dodging
 - Level 2.0 Stealth


You had 2 spell levels left.
You didn't know any spells.
Your spell library contained the following spells:

 Spells                   Type           Power      Damage    Failure   Level
 Magic Dart               Conj           0%         1d3       34%         1
 Summon Small Mammal      Summ           0%         N/A       34%         1
 Blink                    Tloc           0%         N/A       47%         2
 Call Imp                 Summ           0%         N/A       47%         2
 Momentum Strike          Conj/Tloc      0%         3d8       47%         2
 Call Canine Familiar     Summ           0%         N/A       71%         3
 Gell's Gravitas          Tloc           0%         N/A       71%         3
 Lesser Beckoning         Tloc           0%         N/A       71%         3
 Mephitic Cloud           Conj/Pois/Air  0%         N/A       71%         3
 Summon Guardian Golem    Hex/Summ       0%         N/A       71%         3
 Teleport Other           Tloc           0%         N/A       71%         3
 Dispersal                Tloc           0%         N/A       100%        6


Dungeon Overview and Level Annotations

Branches:
Dungeon (2/15)

Altars:

Shops:
D:1 !   D:2 !

Annotations:
D:2 Crazy Yiuf


Innate Abilities, Weirdness & Mutations

You sometimes gain a little power by taking damage.
You have a small tail.
You have an increased reservoir of magic. (+10% MP)


Message History

Crazy Yiuf barely misses you.
You hit Crazy Yiuf.
Crazy Yiuf is almost dead.
Crazy Yiuf drinks a potion.
Crazy Yiuf is healed!
You hit Crazy Yiuf.
Crazy Yiuf is moderately wounded.
Crazy Yiuf says, "Line dark shoe!"
Crazy Yiuf misses you.
You barely miss Crazy Yiuf.
Crazy Yiuf is moderately wounded.
Crazy Yiuf misses you.
You hit Crazy Yiuf.
Crazy Yiuf is moderately wounded.
Crazy Yiuf zaps a wand.
The bolt of dispelling energy misses you.
The now-empty wand crumbles to dust.
You closely miss Crazy Yiuf.
Crazy Yiuf is moderately wounded.
Crazy Yiuf cries, "Prologue aubergine fast!"
Crazy Yiuf barely misses you.
Crazy Yiuf hits you with a +3 quarterstaff of chaos.
You fade into invisibility!
You catch the helpless Crazy Yiuf completely off-guard!
You hit Crazy Yiuf but do no damage.
Crazy Yiuf is moderately wounded.
There is an open translucent door, spattered with blood here.
Crazy Yiuf hits you with a +3 quarterstaff of chaos!
Crazy Yiuf freezes you.
Crazy Yiuf whimpers, "Sif Muna poople snail!"
Crazy Yiuf hits you with a +3 quarterstaff of chaos!
* * * LOW HITPOINT WARNING * * *
You focus on the pain.
You feel agile all of a sudden. Crazy Yiuf freezes you.
* * * LOW HITPOINT WARNING * * *
You are confused.
You feel invigorated.
Crazy Yiuf hits you with a +3 quarterstaff of chaos!
Ouch! That really hurt!
You die...

...###..##.............##..###
.....#..##.............###...#
...#.#...#.############# ###.#
...#.####...# #.##
...#........# #..#
...####.#...# ##### ♣♣###.#
...##...#...# #)..#♣♣ ♣♣P....#
...##.###...#
#..g'.♣♣♣♣..)...#
...##.......#
#.@.#♣..♣.P....## #####...#
#####♣♣♣.♣....## #...#
♣♣♣♣♣### #...# #..)# #....
#..... ......


You could see Crazy Yiuf (unable to see you).

Vanquished Creatures
  Robin (D:2)
  An adder (D:2)
  3 bats
  2 endoplasms (D:2)
  3 giant cockroaches (D:2)
  10 goblins (D:2)
  7 hobgoblins
  2 kobolds (D:1)
  2 quokkas
  3 ball pythons
  2 frilled lizards
  2 rats
38 creatures vanquished.

Vanquished Creatures (others)
  4 fungi (D:2)
4 creatures vanquished.

Grand Total: 42 creatures vanquished

Notes
Turn   | Place    | Note
-------+----------+-------------------------------------------
     0 | D:1      | innerfire433 the Demonspawn Monk began the quest for the
                  | Orb.
     0 | D:1      | Reached XP level 1. HP: 18/18 MP: 1/1
   274 | D:1      | Found Mijehyny's Distillery.
   369 | D:1      | Found a faded altar of an unknown god.
   395 | D:1      | Gained mutation: You have a small tail. [demonic ancestry]
   395 | D:1      | Reached XP level 2. HP: 24/24 MP: 2/2
   630 | D:2      | Noticed Robin
   661 | D:2      | Killed Robin
   662 | D:2      | Gained mutation: You sometimes gain a little power by
                  | taking damage. [demonic ancestry]
   662 | D:2      | Reached XP level 3. HP: 26/29 MP: 3/3
   981 | D:2      | Found Fioqon's Distillery.
   985 | D:2      | Bought a potion of mutation for 88 gold pieces
   985 | D:2      | Gained mutation: You have an increased reservoir of magic.
                  | (+10% MP) [potion of mutation]
  1100 | D:2      | Found a runed translucent door.
  1101 | D:2      | Noticed Crazy Yiuf
  1118 | D:2      | Mangled by Crazy Yiuf

Illustrated notes

Levels and vault maps discovered:
D:1:      sevenhm_arrival_forest_fort_small_3, layout_basic,
          shapermc_ecumenical_altar_acropolis, serial_shops,
          nicolae_shop_crystal, serial_bayou_ford_a
D:2:      layout_basic, serial_shops, shop, uniq_robin, uniq_crazy_yiuf_cottage

Skill      XL: |  1  2 |
---------------+-------+-----
Stealth        | 2 |  2.0
Axes           | 3 |  3.3
Dodging        | 3 |  3.2
Fighting       | |  3.6

Action                   || total
-------------------------++-------
Melee: Hand axe          ||    89
       Tailslap          ||     9
       Punch             ||     1
  Use: Potion            ||     3
 Stab: Sleeping          ||     5
       Distracted        ||     1
       Invisible         ||     1
Armor: Robe              ||     5
       Animal skin       ||     8
Dodge: Dodged            ||    55

Table legend: (Time is in decaauts)
 A = Elapsed time spent in this place.
 B = Non-inter-level travel time spent in this place.
 C = Inter-level travel time spent in this place.
 D = Time resting spent in this place.
 E = Time spent auto-exploring this place.
 F = Levels seen in this place.
 G = Mean time per level.
                   A        B        C        D        E       F      G
               +--------+--------+--------+--------+--------+-----+--------+
         Total |   1133 |   1048 |     85 |      0 |    797 |   2 |  566.5 |
       Dungeon |   1133 |   1048 |     85 |      0 |    797 |   2 |  566.5 |
               +--------+--------+--------+--------+--------+-----+--------+

Top non-repeatable levels by time:
     D:1: 636 daAuts
     D:2: 497 daAuts
